 Dungeon Crawl Stone Soup version 0.28-a0-297-g99b01970c5 (webtiles) character file.

Game seed: 8882323889543055629

126 McIrco the Skirmisher (level 5, 0/63 HPs)
             Began as a Human Cinder Acolyte on Aug 29, 2021.
             Was a High Priest of Ignis.
             Succumbed to a water moccasin's poison
             ... on level 6 of the Dungeon.
             The game lasted 00:02:05 (1899 turns).

McIrco the Skirmisher (Human Cinder Acolyte)        Turns: 1899, Time: 00:02:06

Health: 0/63       AC: 22    Str: 13 (16) XL:     5   Next: 31%
Magic:  6/6        EV:  2    Int: 10 (13) God:    Ignis [*****.]
Gold:   71         SH:  0    Dex:  7 (9)  Spells: 5/6 levels left

rFire   + . .      SeeInvis .   a - -1 hand axe (flame)
rCold   . . .      Faith    .   (no shield)
rNeg    + + +      Spirit   .   (armour currently unavailable)
rPois   +          Reflect  .   (helmet currently unavailable)
rElec   .          Harm     .   (cloak currently unavailable)
rCorr   .          Rampage  .   (gloves currently unavailable)
Will    .....      NoTele   +   (boots currently unavailable)
Stlth   +.........              (no amulet)
HPRegen 0.20/turn               (no ring)
MPRegen 0.10/turn               (no ring)

@: brilliant, lethally poisoned (0 -> -13), tree-form, hasted, very quick
A: stationary, stasis, torment immunity, boosted hp
a: Renounce Religion, Sea of Fire, Foxfire Swarm, Rising Flame


You were on level 6 of the Dungeon.
You worshipped Ignis.
Ignis was extremely pleased with you.
You were a tree.
You visited 1 branch of the dungeon, and saw 6 of its levels.

You collected 71 gold pieces.

Inventory:

Hand Weapons
 a - a -1 hand axe of flaming (weapon)
Armour
 b - a +0 robe
 e - a +0 pair of boots (melded)
 k - a +0 pair of gloves (melded)
 l - a +0 ring mail (melded)
Scrolls
 c - a scroll of teleportation {unknown}
 g - a scroll of enchant weapon {unknown}
 h - 5 scrolls of identify {unknown}
 m - a scroll of summoning {unknown}
Potions
 f - 2 potions of degeneration


   Skills:
 + Level 4.2 Fighting
 + Level 4.1 Axes
 + Level 1.9 Dodging
 + Level 1.0 Spellcasting
 + Level 1.0 Fire Magic


You had 5 spell levels left.
You knew the following spells:

 Your Spells              Type           Power      Damage    Failure   Level
a - Foxfire               Conj/Fire      8%         2x1d4     28%         1

Your spell library contained the following spells:

 Spells                   Type           Power      Damage    Failure   Level


Dungeon Overview and Level Annotations

Branches:
Dungeon (6/15)             Temple (0/1) D:4

Altars:
Ashenzari
Okawaru


Message History

A water moccasin comes into view.
The water moccasin bites you but does no damage.
The water moccasin bites you.
You closely miss the water moccasin.
The water moccasin bites you but does no damage.
You miss the water moccasin. The water moccasin bites you. x2
You are poisoned.
The water moccasin poisons you!
You hit the water moccasin. You burn the water moccasin.
The water moccasin is lightly wounded.
You feel very sick. The water moccasin bites you.
* * * LOW HITPOINT WARNING * * *
You are more poisoned.
The water moccasin poisons you!
It was a potion of haste.
You feel yourself speed up.
* * * LOW HITPOINT WARNING * * *
You feel very sick. The water moccasin bites you.
* * * LOW HITPOINT WARNING * * *
The water moccasin bites you but does no damage.
Unknown command.
Unknown command.
It was a potion of degeneration.
There was something very wrong with that liquid.
You feel weakened.
You feel dopey.
You feel clumsy.
* * * LOW HITPOINT WARNING * * *
You feel very sick. The water moccasin misses you.
Unknown command.
It was a potion of lignification.
You turn into a tree.
Your +0 pair of gloves melds into your body.
Your +0 pair of boots melds into your body.
Your +0 ring mail melds into your body.
Your roots penetrate the ground.
* * * LOW HITPOINT WARNING * * *
You feel sick.
Unknown command.
It was a potion of brilliance.
You feel clever all of a sudden.
You die...

## #.## ## ##.###.# ####.
.#.##.# ##.##.# .
.#....####.....# # #..
......#.....##.# .#..#
###........# #.## #...###
#..##†...###..####.......
#.####....##.S♣......#
#.# #.........#####.# .##
##.......## #. #....#..#
.. #...#.##..# ###
#...##.(#..# ...##
#...... ... ##...... ..
.......


You could see a water moccasin.

Vanquished Creatures
  A jelly (D:6)
  A bullfrog skeleton (D:6)
  An iguana (D:6)
  An adder (D:4)
  2 worms
  An orc (D:4)
  5 endoplasms
  A goblin (D:3)
  2 jackals (D:2)
  3 kobolds
  A quokka (D:2)
  6 ball pythons
  A bat (D:3)
  A frilled lizard (D:1)
  3 rats
30 creatures vanquished.

Vanquished Creatures (others)
  20 foxfires (D:2)
20 creatures vanquished.

Grand Total: 50 creatures vanquished

Notes
Turn   | Place    | Note
-------+----------+-------------------------------------------
     0 | D:1      | McIrco the Human Cinder Acolyte began the quest for the
                  | Orb.
     0 | D:1      | Reached XP level 1. HP: 18/18 MP: 2/2
   390 | D:2      | Reached XP level 2. HP: 3/24 MP: 3/3
   722 | D:2      | Found a faded altar of an unknown god.
   967 | D:3      | Reached XP level 3. HP: 26/29 MP: 4/4
  1295 | D:4      | Found an iron altar of Okawaru.
  1333 | D:4      | Found a staircase to the Ecumenical Temple.
  1652 | D:5      | Entered Level 5 of the Dungeon
  1656 | D:5      | Found a broken altar of Ashenzari.
  1693 | D:6      | Reached XP level 4. HP: 32/37 MP: 5/5
  1798 | D:6      | Reached skill level 1 in Dodging
  1820 | D:6      | Reached XP level 5. HP: 18/42 MP: 6/6
  1889 | D:6      | Noticed a water moccasin
  1897 | D:6      | HP: 2/42 [poisoned by a water moccasin]
  1899 | D:6      | Succumbed to a water moccasin's poison

Illustrated notes

Levels and vault maps discovered:
D:1:      onia_arrival_handbag, layout_loops_ring
D:2:      layout_basic, ebering_ecumenical_altar_box, minmay_fountain_box,
          corexii_leaking_fountain, hangedman_abyss_or_decor_lesser_grid
D:3:      layout_loops_ring
D:4:      layout_cave_pods, okawaru_ov_weapons_minmay, jmf_multi_god_temple,
          mainiacjoe_overflow_alcove_1, mainiacjoe_overflow_six_doors_small,
          zin_treasury, minmay_temple_entry_ruins, serial_glass,
          glass_columns_c, glass_columns_b
D:5:      layout_rooms, mainiacjoe_overflow_small_starburst
D:6:      layout_layer_cave, old_standard_altar,
          nicolae_elyvilon_peaceful_grove, columned_hall_lemuel, uniq_eustachio

Skill      XL: |  1  2  3  4 |
---------------+-------------+-----
Fighting       | 4 |  4.2
Dodging        | 1 |  1.9
Axes           | 4 |  4.1
Spellcasting   | |  1.0
Fire Magic     | |  1.0

Action                   |  1- 3 |  4- 6 || total
-------------------------+-------+-------++-------
Melee: Hand axe          |   107 |    13 ||   120
Invok: Foxfire Swarm     |     1 |       ||     1
  Use: Potion            |     1 |     4 ||     5
Armor: Robe              |    25 |       ||    25
       Ring mail         |     5 |     6 ||    11
Dodge: Dodged            |    66 |     6 ||    72

Table legend: (Time is in decaauts)
 A = Elapsed time spent in this place.
 B = Non-inter-level travel time spent in this place.
 C = Inter-level travel time spent in this place.
 D = Time resting spent in this place.
 E = Time spent auto-exploring this place.
 F = Levels seen in this place.
 G = Mean time per level.
                   A        B        C        D        E       F      G
               +--------+--------+--------+--------+--------+-----+--------+
         Total |   1912 |   1890 |     22 |    281 |   1282 |   6 |  318.7 |
       Dungeon |   1912 |   1890 |     22 |    281 |   1282 |   6 |  318.7 |
               +--------+--------+--------+--------+--------+-----+--------+

Top non-repeatable levels by time:
     D:2: 565 daAuts
     D:1: 392 daAuts
     D:4: 377 daAuts
     D:3: 329 daAuts
     D:6: 233 daAuts
     D:5: 14 daAuts
